[Event "Team 45 45 League T52"]
[Site "Internet Chess Club"]
[Date "2012.03.01"]
[Round "3"]
[White "bookseller"]
[Black "skyflower"]
[Result "0-1"]
[WhiteElo "1591"]
[BlackElo "1540"]
[Opening "French: Steinitz variation"]
[ECO "C11"]
[Time "15:01:07"]
[TimeControl "2700+45"]

1. e4 e6 2. d4 d5 3. Nc3 Nf6 4. e5 Nfd7 5. f4 a6 6. a4 c5 7. Nf3 Nc6 8. Be3 Qb6
9. a5 Qa7 10. Na4 c4 11. Nc3 Bb4 12. Be2 Bxa5 13. O-O O-O 14. g4 Bb6 15. Na4 f6
16. Nxb6 Qxb6 17. b3 cxb3 18. cxb3 fxe5 19. fxe5 Ndxe5 20. Ng5 Bd7 21. Qc2 Ng6
22. h4 Nxd4 23. Bxd4 Qxd4+ 24. Kh1 h6 25. Qxg6 hxg5 26. Bd3 Rf5 27. Bxf5 exf5
28. Qxg5 Qe4+ 29. Kg1 d4 30. Qd2 Bc6 31. Qh2 Qxg4+ {White resigns} 0-1

[Event "Team 45 45 League T52"]
[Site "Internet Chess Club"]
[Date "2012.03.01"]
[Round "3"]
[White "jjaillet2007"]
[Black "Zyme"]
[Result "1-0"]
[WhiteElo "1371"]
[BlackElo "1317"]
[Opening "King's Indian defense"]
[ECO "E60"]
[Time "19:00:25"]
[TimeControl "2700+45"]

1. d4 Nf6 2. c4 g6 3. Bf4 Bg7 4. Nc3 O-O 5. e3 d6 6. Nf3 Na6 7. c5 Nb4 8. a3
Nbd5 9. Nxd5 Nxd5 10. Bg3 dxc5 11. e4 Nf6 12. dxc5 Nxe4 13. Qc2 Bf5 14. Rd1 Nxg3
15. Rxd8 Bxc2 16. Rxa8 Rxa8 17. hxg3 Bxb2 18. Kd2 Bb3 19. Bd3 Rd8 20. Rb1 Bc4
21. Rxb2 Rxd3+ 22. Kc2 b6 23. Ne5 Rd4 24. Kc3 Rd5 25. Nxc4 Rxc5 26. Kd4 e5+ 27.
Nxe5 Ra5 28. Nc4 Ra4 29. Rb4 Rxb4 30. axb4 f6 31. Kd5 c5 32. bxc5 bxc5 33. Kxc5
Kg7 34. g4 Kh6 35. f4 f5 36. gxf5 gxf5 37. Kd5 Kh5 38. Ke5 Kg4 39. Ne3+ Kg3 40.
Nxf5+ Kxg2 41. Nh6 a5 42. f5 a4 43. Kd4 Kf3 44. f6 a3 45. Kc3 Kf4 46. f7 a2 47.
Kb2 Kg5 48. f8=Q Kg6 49. Kxa2 {Black resigns} 1-0

[Event "Team 45 45 League T52"]
[Site "Internet Chess Club"]
[Date "2012.03.04"]
[Round "3"]
[White "AlPearson"]
[Black "arconia"]
[Result "0-1"]
[WhiteElo "1258"]
[BlackElo "1344"]
[Opening "English: symmetrical variation"]
[ECO "A30"]
[Time "10:03:13"]
[TimeControl "2700+45"]

1. c4 c5 2. Nf3 Nc6 3. d4 cxd4 4. Nxd4 e6 5. Nc3 Bc5 6. Nf3 Nf6 7. a3 Qb6 8. e3
O-O 9. b4 Be7 10. c5 Qd8 11. Bd3 b6 12. cxb6 axb6 13. O-O d5 14. Bb2 e5 15. Bc2
Bg4 16. h3 Bh5 17. g4 Bg6 18. b5 Bxc2 19. Qxc2 e4 20. bxc6 exf3 21. Qf5 Rc8 22.
Nxd5 Qxd5 23. Qf4 Bd6 24. Qa4 Rxc6 25. Rfd1 b5 26. Qa7 Qg5 27. Bxf6 Qxf6 28. Qd7
Rd8 29. Qf5 Qxf5 30. gxf5 Rdc8 31. Kf1 Bh2 32. Rab1 g6 33. fxg6 Rxg6 34. Rxb5
Rg1# {White checkmated} 0-1

[Event "Team 45 45 League T52"]
[Site "Internet Chess Club"]
[Date "2012.03.03"]
[Round "3"]
[White "krysto"]
[Black "rookmaster23"]
[Result "0-1"]
[WhiteElo "1633"]
[BlackElo "1546"]
[Opening "King's Indian: orthodox, Aronin-Taimanov, bayonet attack"]
[ECO "E97"]
[Time "15:00:12"]
[TimeControl "2700+45"]

1. d4 Nf6 2. c4 g6 3. Nc3 Bg7 4. e4 d6 5. Nf3 O-O 6. Be2 e5 7. O-O Nc6 8. d5 Ne7
9. b4 Nh5 10. Re1 f5 11. Ng5 Nf6 12. f3 c6 13. a4 f4 14. Kh1 h6 15. Nh3 g5 16.
Nf2 h5 17. Ba3 Qd7 18. Rc1 g4 19. fxg4 hxg4 20. Qd3 Qe8 21. dxc6 Nxc6 22. Nd5
Qg6 23. b5 Qh6 24. Nxf6+ Rxf6 25. bxc6 g3 26. h3 gxf2 27. Rf1 f3 28. Bxf3 Bxh3
29. Rxf2 Bd7+ 30. Kg1 Bxc6 31. c5 Rf4 32. cxd6 Rh4 33. Rff1 Rh2 34. Kf2 Rf8 35.
Rcd1 Qg6 36. Ke2 Rxg2+ 37. Rf2 Rxf2+ 38. Kxf2 Bxe4 39. Qc4+ Kh8 40. Rh1+ Bh6 41.
Rh3 Bxf3 42. Rxf3 Rxf3+ 43. Kxf3 Qh5+ 44. Qg4 e4+ 45. Kg3 Qe5+ 46. Kf2 e3+ 47.
Ke1 Qa1+ 48. Ke2 Qa2+ 49. Kf3 Qd5+ 50. Ke2 Bf8 51. Bb2+ Kh7 52. Qh3+ Kg8 53.
Qg3+ Kf7 54. Qf4+ Ke8 55. Qxe3+ Kd7 56. Qh3+ Qe6+ 57. Qxe6+ Kxe6 58. Ba3 Bxd6
59. Bxd6 Kxd6 60. Kd2 b6 61. Kc2 Kc6 62. Kb2 Kc5 63. Kb3 a6 64. a5 b5 65. Kc3
b4+ 66. Kb3 Kb5 67. Ka2 Kxa5 68. Kb3 Kb5 69. Ka2 a5 70. Kb3 a4+ 71. Ka2 Kc4 72.
Kb2 a3+ 73. Kc2 b3+ 74. Kb1 Kc3 75. Ka1 b2+ 76. Ka2 Kc2 {White resigns} 0-1

[Event "Team 45 45 League T52"]
[Site "Internet Chess Club"]
[Date "2012.03.04"]
[Round "3"]
[White "sdcohle"]
[Black "Berke"]
[Result "1-0"]
[WhiteElo "1418"]
[BlackElo "1606"]
[Opening "Dutch defense"]
[ECO "A84"]
[Time "15:08:20"]
[TimeControl "2700+45"]

1. d4 f5 2. c4 e6 3. Nf3 Nf6 4. e3 Be7 5. Bd3 d6 6. Nc3 O-O 7. O-O b6 8. e4 fxe4
9. Nxe4 Nbd7 10. Re1 Bb7 11. Nfg5 Nxe4 12. Nxe6 Nxf2 13. Nxd8 Nxd1 14. Nxb7 Nf2
15. Rxe7 Nxd3 16. Rxd7 Rab8 17. Rxc7 Rfe8 18. Bd2 Nxb2 19. Nxd6 Re2 {Black
resigns} 1-0

[Event "Team 45 45 League T52"]
[Site "Internet Chess Club"]
[Date "2012.03.06"]
[Round "3"]
[White "Elalfer"]
[Black "chicopee-ed"]
[Result "1/2-1/2"]
[WhiteElo "1385"]
[BlackElo "1298"]
[Opening "QGD Slav: 5.e3 (Alekhine variation)"]
[ECO "D15"]
[Time "10:00:34"]
[TimeControl "2700+45"]

1. d4 d5 2. c4 c6 3. Nf3 Nf6 4. Nc3 dxc4 5. e3 b5 6. a4 b4 7. Nb1 Bf5 8. Bxc4 e6
9. O-O Be7 10. Nbd2 O-O 11. Nh4 Bg4 12. f3 Bh5 13. g4 Bg6 14. Nxg6 hxg6 15. Rf2
Nd5 16. Ne4 a5 17. Nc5 {Game drawn by mutual agreement} 1/2-1/2

[Event "Team 45 45 League T52"]
[Site "Internet Chess Club"]
[Date "2012.03.03"]
[Round "3"]
[White "Toalla"]
[Black "tamky70"]
[Result "1-0"]
[WhiteElo "1276"]
[BlackElo "1389"]
[Opening "Alekhine's defense: Maróczy variation"]
[ECO "B02"]
[Time "10:02:54"]
[TimeControl "2700+45"]

1. e4 Nf6 2. d3 d6 3. Ne2 e5 4. g3 Nc6 5. Bg2 Be6 6. O-O Qd7 7. Nbc3 Bh3 8. f4
Bxg2 9. Kxg2 Qg4 10. Nb5 Qd7 11. Nec3 a6 12. Na3 Be7 13. Nc4 O-O 14. fxe5 Nxe5
15. Nxe5 dxe5 16. Bg5 Ng4 17. Bd2 c6 18. h3 Nf6 19. Bg5 Ne8 20. Bxe7 Qxe7 21.
Qe2 Nd6 22. a3 Nb5 23. Nxb5 axb5 24. b4 Qd7 25. c3 Qe6 26. Qc2 f5 27. exf5 Rxf5
28. Rxf5 Qxf5 29. Qb3+ Kh8 30. Qc2 Rf8 31. Qe2 h6 32. g4 Qf4 33. Rf1 Qxf1+ 34.
Qxf1 Rxf1 35. Kxf1 g6 36. Kf2 Kg7 37. Kf3 Kf6 38. h4 Ke6 39. Ke4 Kf6 40. d4 exd4
41. cxd4 Ke6 42. Ke3 Kd5 43. Kd3 Ke6 44. Ke3 Kd5 45. Kd3 b6 46. g5 h5 47. Ke3 c5
48. bxc5 bxc5 49. dxc5 Kxc5 50. Kd3 b4 51. axb4+ Kxb4 52. Ke4 Kc5 53. Ke5 Kc6
54. Kf6 Kd6 55. Kxg6 {Black resigns} 1-0

[Event "Team 45 45 League T52"]
[Site "Internet Chess Club"]
[Date "2012.03.05"]
[Round "3"]
[White "drsigmund1"]
[Black "KidRattler"]
[Result "0-1"]
[WhiteElo "1434"]
[BlackElo "1448"]
[Opening "Caro-Kann: Goldman (Spielmann) variation"]
[ECO "B11"]
[Time "10:27:39"]
[TimeControl "2700+45"]

1. e4 c6 2. Nc3 d5 3. Qf3 Nf6 4. e5 Ng4 5. d4 Qb6 6. Qf4 Nh6 7. Na4 Qa5+ 8. Nc3
Bf5 9. Nf3 e6 10. Bd2 Bb4 11. a3 Bxc3 12. Bxc3 Qc7 13. Bb4 Bxc2 14. Rc1 Bf5 15.
Qg5 Bg6 16. h4 Rg8 17. h5 Be4 18. Nd2 Bf5 19. f3 Qd8 20. Qe3 Nd7 21. g4 Bxg4 22.
fxg4 Nxg4 23. Qf4 Nh6 24. Rg1 Nb6 25. Nf3 a5 26. Bc5 Nd7 27. Bd6 Nf5 28. Ng5 h6
29. Nxf7 Kxf7 30. Rg4 Ke8 31. Bd3 b5 32. Bxf5 exf5 33. Qxf5 Nf8 34. Rxc6 Qd7 35.
Qxd7+ Nxd7 36. Rc7 Kd8 37. Rg6 Rc8 38. Rxc8+ Kxc8 39. b4 axb4 40. axb4 Kd8 41.
e6 Nf6 42. e7+ Kd7 43. Bc5 Nxh5 44. Rd6+ Kc7 45. Bb6+ Kxd6 46. Ke2 Kxe7 47. Kf3
Rf8+ 48. Kg4 Nf6+ 49. Kh4 g5+ 50. Kh3 Ke6 {White resigns} 0-1

[Event "Team 45 45 League T52"]
[Site "Internet Chess Club"]
[Date "2012.03.07"]
[Round "3"]
[White "Skylab"]
[Black "Patzer4Life"]
[Result "1-0"]
[WhiteElo "1343"]
[BlackElo "1386"]
[Opening "Réti opening"]
[ECO "A04"]
[Time "17:01:25"]
[TimeControl "2700+45"]

1. Nf3 e6 2. d4 d5 3. e3 c5 4. c4 Nf6 5. Nc3 cxd4 6. exd4 Bb4 7. Bd2 Bxc3 8.
Bxc3 b6 9. Bd3 O-O 10. O-O Bb7 11. cxd5 Nxd5 12. Qc2 g6 13. Be4 f5 14. Bxd5 Bxd5
15. Ne5 Nc6 16. Nxc6 Bxc6 17. Bb4 Re8 18. Qxc6 Rc8 19. Qd6 Qxd6 20. Bxd6 Rc2 21.
b3 Rec8 {Black resigns} 1-0

[Event "Team 45 45 League T52"]
[Site "Internet Chess Club"]
[Date "2012.03.04"]
[Round "3"]
[White "dblackw2"]
[Black "kingsrook"]
[Result "1-0"]
[WhiteElo "1101"]
[BlackElo "1298"]
[Opening "Caro-Kann: advance variation"]
[ECO "B12"]
[Time "20:10:28"]
[TimeControl "2700+45"]

1. e4 c6 2. d4 d5 3. e5 Bf5 4. Nf3 e6 5. Be2 Ne7 6. Nbd2 Nd7 7. c4 Qc7 8. O-O
Bg6 9. Re1 c5 10. cxd5 Nxd5 11. Bb5 a6 12. Bxd7+ Qxd7 13. Ne4 Be7 14. Bg5 Bxg5
15. Nfxg5 h6 16. Nd6+ Kf8 17. Nf3 b6 18. Rc1 Ra7 19. dxc5 Rc7 20. cxb6 Nxb6 21.
Rxc7 Qxc7 22. Re3 Nd5 23. Ra3 Qc6 24. Nd4 Qb6 25. Rb3 Qc7 26. Rb7 Qd8 27. Qf3 f5
28. Nxe6+ {Black resigns} 1-0

[Event "Team 45 45 League T52"]
[Site "Internet Chess Club"]
[Date "2012.03.05"]
[Round "3"]
[White "Fulmar"]
[Black "wildangels"]
[Result "1-0"]
[WhiteElo "1271"]
[BlackElo "974"]
[Opening "Caro-Kann defense"]
[ECO "B15"]
[Time "10:00:53"]
[TimeControl "2700+45"]

1. e4 c6 2. d4 d5 3. Nc3 e6 4. Bf4 Bb4 5. Bd3 Nd7 6. Nf3 Bxc3+ 7. bxc3 f6 8.
exd5 cxd5 9. O-O a6 10. c4 Nb6 11. cxd5 Nxd5 12. Qc1 b5 13. Be4 Nge7 14. c4 bxc4
15. Qxc4 Bb7 16. Rab1 Rc8 17. Qb3 Nc3 18. Bxb7 Ne2+ 19. Kh1 Nxf4 20. Qa4+ Kf7
21. Bxc8 Nxc8 22. Rb8 Qc7 23. Rfb1 g5 24. g3 Ne2 25. Qxa6 Qc2 26. Qb7+ Kg6 27.
Qb3 Qe4 28. Qe3 Qc2 29. Qd2 Qe4 30. Qe3 Qxe3 31. fxe3 Kf5 32. Re1 Nc3 33. Rc1
Ne2 34. Rcxc8 Rxc8 35. Rxc8 Ke4 36. Nd2+ Kxe3 37. Nc4+ Kf2 38. a4 h5 39. a5 h4
40. gxh4 g4 41. a6 g3 42. hxg3 Nxg3+ 43. Kh2 Nf1+ 44. Kh3 Ng3 45. a7 Nh5 46.
a8=Q Nf4+ 47. Kg4 Nd5 48. Qa3 f5+ 49. Kg5 f4 50. h5 f3 51. h6 Kg3 52. Rg8 Kg2
53. Kh5+ Kf1 54. Kg4 f2 55. Kf3 Ke1 56. Qc1# {Black checkmated} 1-0

[Event "Team 45 45 League T52"]
[Site "Internet Chess Club"]
[Date "2012.03.02"]
[Round "3"]
[White "vjbaker"]
[Black "chicopee-ed"]
[Result "1/2-1/2"]
[WhiteElo "1285"]
[BlackElo "1294"]
[Opening "Four knights: Italian variation"]
[ECO "C47"]
[Time "17:00:42"]
[TimeControl "2700+45"]

1. e4 e5 2. Nf3 Nf6 3. Nc3 Nc6 4. Bc4 Nxe4 5. Nxe4 d5 6. Bd3 dxe4 7. Bxe4 Bd7 8.
c3 Qf6 9. Qb3 Na5 10. Qd1 Bc6 11. Bc2 Bxf3 12. gxf3 O-O-O 13. Qe2 Nc6 14. d3 Ne7
15. Be3 Kb8 16. O-O-O Nd5 17. Bd2 Bc5 18. Rhg1 h6 19. Bb3 Nf4 20. Bxf4 Qxf4+ 21.
Kb1 g5 22. Rge1 f6 23. Qe4 Qxe4 24. fxe4 Rd6 25. f3 Rhd8 26. Kc2 Kc8 27. Rh1 Kb8
28. h4 Be3 29. Bf7 R8d7 30. Bg6 Bf4 31. hxg5 Bxg5 32. Bf5 Rd8 33. Rh3 c5 34. b3
b5 35. c4 bxc4 36. bxc4 Ra6 37. Rb1+ Kc7 38. Rb2 Rb8 39. Rxb8 Kxb8 40. Kb3 Rb6+
41. Kc3 Ra6 42. Rh2 Ra3+ 43. Kb2 Rxd3 44. Bg4 Kc7 45. Kc2 Ra3 46. Kb1 Ra4 47.
Rc2 Rb4+ 48. Ka1 a5 49. a3 Rb6 50. Rb2 Rxb2 51. Kxb2 Kb6 52. Kb3 a4+ 53. Kxa4
Bc1 54. Kb3 Ka5 55. Bh5 Bf4 56. a4 Bg5 57. Bg6 Bf4 58. Be8 Be3 59. Kc3 Bf4 60.
Kd3 Kb4 61. Ke2 h5 62. Kf2 h4 63. Kg2 Ka5 64. Kh3 Bg3 65. Kg4 Kb4 66. Bb5 Bf2
67. Bd7 Be1 68. f4 exf4 69. Kxf4 Kxc4 70. Kg4 Kd4 71. Bc6 Ke5 72. Kf3 f5 73.
exf5 Kxf5 74. Kg2 Ke5 75. Bb5 Kd6 76. Bc4 Kc6 77. Kh3 Kb6 78. Kg4 Ka5 79. Bb5 c4
80. Bxc4 Kxa4 81. Bf1 {Game drawn by mutual agreement} 1/2-1/2

[Event "Team 45 45 League T52"]
[Site "Internet Chess Club"]
[Date "2012.03.03"]
[Round "3"]
[White "arconia"]
[Black "Goldenberg"]
[Result "1-0"]
[WhiteElo "1331"]
[BlackElo "1377"]
[Opening "Sicilian: Hungarian variation"]
[ECO "B27"]
[Time "12:00:36"]
[TimeControl "2700+45"]

1. e4 c5 2. Nf3 g6 3. Be2 Bg7 4. O-O Nc6 5. c3 Nf6 6. e5 Ng8 7. d4 cxd4 8. cxd4
f6 9. Bf4 d6 10. exd6 exd6 11. Bb5 d5 12. Nc3 f5 13. Re1+ Ne7 14. Qb3 O-O 15.
Bxc6 bxc6 16. Qa3 Re8 17. Bg5 Kf7 18. Ne5+ Bxe5 19. Rxe5 Qd7 20. Rae1 Bb7 21.
Rxe7+ Rxe7 22. Rxe7+ Qxe7 {Black resigns} 1-0

[Event "Team 45 45 League T52"]
[Site "Internet Chess Club"]
[Date "2012.03.05"]
[Round "3"]
[White "moodle"]
[Black "Aquaman"]
[Result "1-0"]
[WhiteElo "1168"]
[BlackElo "1191"]
[Opening "QP counter-gambit: Maroczy gambit"]
[ECO "C40"]
[Time "19:30:24"]
[TimeControl "2700+45"]

1. e4 e5 2. Nf3 d5 3. exd5 Bd6 4. Nc3 Nf6 5. Bb5+ Bd7 6. Bc4 O-O 7. d3 Re8 8.
Bg5 Bg4 9. h3 Bh5 10. Ne4 Nbd7 11. Nxd6 cxd6 12. O-O h6 13. Bxf6 Nxf6 14. Re1
Qb6 15. b3 e4 16. dxe4 Nxe4 17. Qe2 Kf8 18. Bb5 Re7 19. Bd3 Rae8 20. Bxe4 Rxe4
21. Qd2 Bxf3 22. gxf3 R4e7 23. Rxe7 Rxe7 24. c4 Qd8 25. Qd4 b6 26. a4 Qd7 27.
Kg2 Re5 28. f4 Rh5 29. Qe3 Qf5 30. a5 Qg6+ 31. Kh2 Qf6 32. axb6 Qxa1 33. b7 Kg8
34. b8=Q+ Kh7 35. Qxd6 Qd1 36. Qd7 Qa1 37. Qxf7 Qd1 38. Qe4+ {Black resigns} 1-0

[Event "Team 45 45 League T52"]
[Site "Internet Chess Club"]
[Date "2012.03.04"]
[Round "3"]
[White "Docvan"]
[Black "mc9999"]
[Result "1-0"]
[WhiteElo "1228"]
[BlackElo "1035"]
[Opening "Sicilian: Labourdonnais-Löwenthal variation"]
[ECO "B32"]
[Time "09:06:56"]
[TimeControl "2700+45"]

1. e4 c5 2. Nf3 Nc6 3. d4 cxd4 4. Nxd4 e5 5. Nf3 Nf6 6. Bc4 Bc5 7. O-O Nxe4 8.
Qd5 O-O 9. Qxe4 d6 10. Nc3 g6 11. Bg5 Qb6 12. b3 Bf5 13. Qe2 Na5 14. Nd5 Bxf2+
15. Rxf2 Qxf2+ 16. Qxf2 Nxc4 17. Nf6+ Kg7 18. Qh4 Rfc8 19. Qxh7+ Kf8 20. Qg8+
Ke7 21. Ne8+ f6 22. Bxf6+ Kd7 23. Qf7+ Kc6 24. Qxc4+ Kd7 25. Qb5+ Rc6 26. Qxb7+
Kxe8 27. Qe7# {Black checkmated} 1-0

[Event "Team 45 45 League T52"]
[Site "Internet Chess Club"]
[Date "2012.03.02"]
[Round "3"]
[White "Cicero"]
[Black "pereelcoix"]
[Result "1/2-1/2"]
[WhiteElo "1324"]
[BlackElo "1237"]
[Opening "Vienna game"]
[ECO "C25"]
[Time "13:00:37"]
[TimeControl "2700+45"]

1. e4 e5 2. Nc3 Bb4 3. Bc4 Bxc3 4. bxc3 Nf6 5. Bb2 O-O 6. Qe2 d6 7. h3 Re8 8.
Qf3 Be6 9. Bxe6 Rxe6 10. O-O-O Nc6 11. d4 exd4 12. cxd4 Rxe4 13. d5 Nb4 14. Bxf6
Nxa2+ 15. Kb2 Qxf6+ 16. Qxf6 gxf6 17. Kxa2 Rae8 18. Nf3 Re2 19. Rd2 R2e4 20. Re1
Ra4+ 21. Kb3 Rxe1 22. Nxe1 Re4 23. Nd3 Rd4 24. Kc3 Rxd5 25. Nb4 Rc5+ 26. Kb3 Rb5
27. Kc4 Rc5+ 28. Kb3 Rb5 {Game drawn by mutual agreement} 1/2-1/2

[Event "Team 45 45 League T52"]
[Site "Internet Chess Club"]
[Date "2012.02.29"]
[Round "3"]
[White "sockmonkey"]
[Black "IanT"]
[Result "1-0"]
[WhiteElo "1370"]
[BlackElo "1450"]
[Opening "Queen's pawn: Torre attack"]
[ECO "A46"]
[Time "07:00:14"]
[TimeControl "2700+45"]

1. d4 Nf6 2. Nf3 e6 3. Bg5 d5 4. e3 c5 5. c3 Nc6 6. Bd3 Bd6 7. Nbd2 O-O 8. O-O
Qe7 9. Re1 Bd7 10. e4 Qd8 11. e5 Be7 12. exf6 Bxf6 13. Bxf6 Qxf6 14. Ne5 Nxe5
15. dxe5 Qe7 16. Qh5 h6 17. Nf3 c4 18. Bc2 f6 19. exf6 Qxf6 20. Re2 Rae8 21. Ne5
Bc8 22. Rae1 Qg5 23. Qxg5 hxg5 24. g4 b5 25. Re3 Bb7 26. Rh3 Rd8 27. Bh7+ Kh8
28. Ng6# {Black checkmated} 1-0

[Event "Team 45 45 League T52"]
[Site "Internet Chess Club"]
[Date "2012.03.04"]
[Round "3"]
[White "lawth3"]
[Black "nlobo"]
[Result "1-0"]
[WhiteElo "1173"]
[BlackElo "1032"]
[Opening "Queen's gambit declined"]
[ECO "D30"]
[Time "20:00:33"]
[TimeControl "2700+45"]

1. d4 d5 2. c4 e6 3. Nf3 Bb4+ 4. Nc3 Bxc3+ 5. bxc3 dxc4 6. Qa4+ Nc6 7. Qxc4 Nf6
8. Bf4 O-O 9. e3 Ng4 10. Bg5 Qd6 11. d5 Nxf2 12. Kxf2 exd5 13. Qh4 Bf5 14. Nd4
Nxd4 15. exd4 Qa3 16. Re1 Qxa2+ 17. Be2 Bd3 18. Qg4 Qc2 19. Bf6 g6 20. Qg5 Rae8
21. Be7 f6 22. Qe3 Rf7 23. Qxd3 Qxd3 24. Bxd3 Rfxe7 25. Rxe7 Rxe7 26. Ra1 a6 27.
Rb1 c6 28. Be2 b5 29. h3 a5 30. g4 g5 31. Ke1 a4 32. Kd2 Rc7 33. Rh1 c5 34. Bxb5
a3 35. Ra1 cxd4 36. Rxa3 dxc3+ 37. Rxc3 Re7 38. Rd3 Re5 39. Bc6 h5 40. Bxd5+ Kg7
41. gxh5 Kh6 42. Bf3 Rf5 43. Bg4 Rf2+ 44. Ke3 Rf4 45. Rd8 f5 46. Bf3 Rh4 47.
Rd6+ Kh7 48. Rg6 f4+ 49. Ke4 Rxh3 50. Rxg5 Rg3 51. Rf5 Rg7 52. Kxf4 Kg8 53. Bd5+
Kh7 54. Rf6 Kh8 55. Be4 Kg8 56. Rg6 Kh8 57. Kg5 Kh7 58. Kf6 Kh8 59. Rh6+ Kg8 60.
Bd5+ Kf8 61. Rh8+ Rg8 62. Rxg8# {Black checkmated} 1-0

[Event "Team 45 45 League T52"]
[Site "Internet Chess Club"]
[Date "2012.03.04"]
[Round "3"]
[White "artspir"]
[Black "Graybeard"]
[Result "1-0"]
[WhiteElo "1169"]
[BlackElo "1062"]
[Opening "Torre attack (Tartakower variation)"]
[ECO "D03"]
[Time "18:01:04"]
[TimeControl "2700+45"]

1. d4 d5 2. Nf3 Nf6 3. Bg5 Ne4 4. Bf4 Bf5 5. Nh4 e6 6. Nxf5 exf5 7. f3 Nf6 8.
Nc3 Bd6 9. e3 Qe7 10. Be2 Nh5 11. Nxd5 Qd7 12. Bxd6 Qxd6 13. c4 Nf6 14. c5 Qxd5
15. Qc2 Qd7 16. O-O O-O 17. Qb3 c6 18. Rfd1 b5 19. Rd3 Qd5 20. Qc2 a5 21. a4 Na6
22. axb5 Nb4 23. Qa4 Nxd3 24. Bxd3 cxb5 25. Bxb5 Ne8 26. Bc6 Qd8 27. Bxa8 Qxa8
28. c6 Nc7 29. Rc1 h6 30. Rc5 Re8 31. Rxa5 Qc8 32. d5 Kh7 33. d6 Qe6 34. h3 Qxd6
35. Rxf5 f6 36. Qc2 Rxe3 37. Rd5+ Kg8 38. Rxd6 Nb5 39. Rd8+ Kf7 40. Qc4+ {Black
resigns} 1-0

[Event "Team 45 45 League T52"]
[Site "Internet Chess Club"]
[Date "2012.03.02"]
[Round "3"]
[White "BTop"]
[Black "Buford-Julep"]
[Result "0-1"]
[WhiteElo "1678"]
[BlackElo "1690"]
[Opening "English opening"]
[ECO "A20"]
[Time "09:00:20"]
[TimeControl "2700+45"]

1. c4 e5 2. g3 Nf6 3. Bg2 d5 4. cxd5 Nxd5 5. Nc3 Nb6 6. Nf3 Nc6 7. O-O Be7 8. a3
O-O 9. b4 Be6 10. Rb1 f6 11. d3 a5 12. b5 Nd4 13. Nd2 Qc8 14. e3 Nf5 15. Bb2 Rd8
16. Qc2 a4 17. Rfd1 Nd6 18. Nde4 Bb3 19. Nxd6 Rxd6 20. Qe2 Bxd1 21. Rxd1 c6 22.
Ne4 Rd7 23. Bh3 Qd8 24. Bxd7 Qxd7 25. d4 Rd8 26. Nc3 exd4 27. Rxd4 Qe6 28. Re4
Qd7 29. bxc6 bxc6 30. Nxa4 Nxa4 31. Rxa4 c5 32. Qc4+ Kf8 33. Ra6 Qb7 34. Bc3
{White resigns} 0-1

[Event "Team 45 45 League T52"]
[Site "Internet Chess Club"]
[Date "2012.03.04"]
[Round "3"]
[White "pauliewoll"]
[Black "monkeyshark"]
[Result "0-1"]
[WhiteElo "1618"]
[BlackElo "1490"]
[Opening "Three knights game"]
[ECO "C46"]
[Time "12:01:18"]
[TimeControl "2700+45"]

1. e4 e5 2. Nf3 Nc6 3. Nc3 Bc5 4. Nxe5 Nxe5 5. d4 Bd6 6. dxe5 Bxe5 7. Bd3 Nf6 8.
O-O Bxc3 9. bxc3 d6 10. Qe1 Qe7 11. f4 Bd7 12. Qg3 Nh5 13. Qf3 Nf6 14. e5 dxe5
15. Qxb7 Qc5+ 16. Kh1 O-O 17. Qf3 e4 18. Bxe4 Nxe4 19. Qxe4 Qxc3 20. Be3 Rae8
21. Bd4 Qxa1 {White resigns} 0-1

[Event "Team 45 45 League T52"]
[Site "Internet Chess Club"]
[Date "2012.03.03"]
[Round "3"]
[White "fireball"]
[Black "nosir"]
[Result "1-0"]
[WhiteElo "1662"]
[BlackElo "1478"]
[Opening "Réti opening"]
[ECO "A05"]
[Time "17:27:24"]
[TimeControl "2700+45"]

1. Nf3 Nf6 2. g3 c6 3. d3 d5 4. Bg2 Nbd7 5. Nbd2 e6 6. a3 a5 7. c4 b6 8. Qa4 Bb7
9. Nd4 Nc5 10. Qc2 Bd6 11. O-O O-O 12. N2b3 h6 13. Nxc5 Bxc5 14. Nb3 Bd6 15. e4
c5 16. Re1 Bc7 17. e5 Ne8 18. Qe2 Rb8 19. Qg4 f5 20. Qg6 Qe7 21. Bxh6 d4 22.
Bxb7 Rxb7 23. Nd2 Rb8 24. Nf3 Qf7 25. Qxf7+ Kxf7 26. Bf4 g6 27. Ng5+ Ke7 28. Nh7
Rh8 29. Bg5+ Kf7 30. Nf6 Nxf6 31. Bxf6 Rh7 32. Kg2 Rg8 33. f4 Rh5 34. b4 axb4
35. axb4 Rc8 36. bxc5 bxc5 37. Ra7 Ke8 38. Rb1 Kd7 39. Rb6 Rh7 40. Rd6+ Ke8 41.
Rxe6+ Kf8 42. Bg5 Rb8 43. Ra2 Rb6 44. Rxb6 Bxb6 45. Ra6 Bc7 46. Rxg6 Rf7 47. Rf6
Ba5 48. Rxf7+ Kxf7 49. h4 Bc7 50. h5 Kg7 51. h6+ Kg6 52. e6 Bd6 53. e7 {Black
resigns} 1-0

[Event "Team 45 45 League T52"]
[Site "Internet Chess Club"]
[Date "2012.03.01"]
[Round "3"]
[White "CKNIGHT3"]
[Black "jhbchess"]
[Result "0-1"]
[WhiteElo "1543"]
[BlackElo "1565"]
[Opening "QGD Slav: Dutch variation"]
[ECO "D18"]
[Time "22:00:20"]
[TimeControl "2700+45"]

1. d4 c6 2. c4 d5 3. Nf3 Nf6 4. Nc3 dxc4 5. a4 Bf5 6. e3 e6 7. Bxc4 Nbd7 8. Bd3
Bb4 9. Qc2 Bxd3 10. Qxd3 O-O 11. O-O Re8 12. e4 Bxc3 13. bxc3 Nc5 14. Qb1 Ncxe4
15. Qxb7 Nxc3 16. Qxc6 Ne2+ 17. Kh1 Nxd4 18. Qc4 Nxf3 19. gxf3 Nd5 20. Rg1 Qf6
21. Ra3 Rac8 22. Qg4 g6 23. Ra2 h5 24. Qg3 h4 25. Qg4 Rc4 26. Qxc4 Qxf3+ 27. Rg2
h3 28. Qg4 hxg2+ 29. Qxg2 Qc3 30. Bd2 Qc4 31. Ra1 Qd4 32. Ra2 Nc3 33. Bxc3 Qxc3
34. h3 Rc8 35. Kh2 Qb3 36. f3 Rc3 37. Rb2 Qxa4 38. Qd2 Qc4 39. f4 a5 40. Kg1 a4
41. Rb8+ Kg7 42. Qd8 Rc1+ 43. Kf2 Qxf4+ 44. Ke2 Qh2+ 45. Ke3 Qxh3+ 46. Kf4 Rc4+
47. Ke5 Qf5+ 48. Kd6 Qc5+ 49. Kd7 Rd4+ 50. Ke8 Rxd8+ 51. Rxd8 Qf8+ 52. Kd7 Qxd8+
53. Kxd8 a3 54. Kd7 a2 55. Kd6 a1=Q 56. Kc5 g5 57. Kc4 g4 58. Kd3 g3 59. Ke3 g2
60. Ke4 Qe1+ 61. Kd3 g1=Q 62. Kc4 Qg4+ 63. Kd3 Qgd1+ 64. Kc4 Qd5# {White
checkmated} 0-1

[Event "Team 45 45 League T52"]
[Site "Internet Chess Club"]
[Date "2012.03.04"]
[Round "3"]
[White "Grenadier"]
[Black "LazyPeon"]
[Result "1-0"]
[WhiteElo "1814"]
[BlackElo "1784"]
[Opening "Ruy Lopez: Marshall, main line, 14...Qh3"]
[ECO "C89"]
[Time "16:00:15"]
[TimeControl "2700+45"]

1. e4 e5 2. Nf3 Nc6 3. Bb5 a6 4. Ba4 Nf6 5. O-O Be7 6. Re1 b5 7. Bb3 O-O 8. c3
d5 9. exd5 Nxd5 10. Nxe5 Nxe5 11. Rxe5 c6 12. d4 Bd6 13. Re1 Qh4 14. g3 Qh3 15.
Qf3 Bg4 16. Qg2 Qh5 17. Be3 Rae8 18. Nd2 Re6 19. Bd1 Bxd1 20. Raxd1 f5 21. Nb3
Rfe8 22. Bd2 f4 23. g4 Qf7 24. Qf3 Qg6 25. Nc5 Bxc5 26. dxc5 h5 27. h3 hxg4 28.
hxg4 Rxe1+ 29. Rxe1 Rxe1+ 30. Bxe1 Qe6 31. Kf1 Nf6 32. Qxf4 Nxg4 33. a4 Ne5 34.
Qe3 Qc4+ 35. Kg2 Qg4+ 36. Kf1 Nf3 37. Ke2 Nh2+ 38. Kd3 Qf5+ 39. Qe4 Qxc5 40.
axb5 axb5 41. Qe6+ Kf8 42. Qc8+ Kf7 43. Qc7+ Kf6 44. Qxh2 Qd5+ 45. Kc2 Qe4+ 46.
Kd2 Qd5+ 47. Kc1 Qe4 48. Qd6+ Kf7 49. Bd2 Qh1+ 50. Kc2 Qe4+ 51. Qd3 Qa4+ 52. Kc1
Qa1+ 53. Qb1 Qa4 54. Qf5+ Kg8 55. f3 Qc4 56. Qe4 Qc5 57. Be3 Qd6 58. Bd4 Qd7 59.
f4 Qg4 60. Qe5 Qd7 61. f5 Kf7 62. Qxg7+ {Black resigns} 1-0

[Event "Team 45 45 League T52"]
[Site "Internet Chess Club"]
[Date "2012.03.01"]
[Round "3"]
[White "ticopatzer"]
[Black "zepled37"]
[Result "1/2-1/2"]
[WhiteElo "1668"]
[BlackElo "1601"]
[Opening "QGD: Tarrasch defense"]
[ECO "D32"]
[Time "19:10:25"]
[TimeControl "2700+45"]

1. d4 d5 2. c4 e6 3. Nf3 c5 4. cxd5 exd5 5. Nc3 Nc6 6. e3 Nf6 7. Bb5 Bd6 8. dxc5
Bxc5 9. Ne5 Bd7 10. Bxc6 bxc6 11. O-O O-O 12. Qc2 Qc7 13. Nxd7 Nxd7 14. Rd1 Bd6
15. h3 Rfe8 16. b3 Nf8 17. Bb2 Rac8 18. Rac1 Qb7 19. Qf5 Re6 20. e4 Rf6 21. Qg4
Rf4 22. Qg5 Ne6 23. Qh5 d4 24. Ne2 g6 25. Qh6 Bf8 26. Qxf4 Nxf4 27. Nxf4 Bh6 28.
g3 c5 29. e5 Bxf4 30. gxf4 Qe4 31. Bxd4 cxd4 32. Rxc8+ Kg7 33. Rd8 Qxf4 34.
R8xd4 Qg5+ 35. Kf1 Qxe5 36. Rd7 Qh2 {Game drawn by mutual agreement} 1/2-1/2